 Dungeon Crawl Stone Soup version 0.29-a0-723-gce39da1c22 (webtiles) character file.

Game seed: 7710845380741772138

7893 avis the Carver (level 10, -1/81 HPs)
             Began as a Demigod Ice Elementalist on June 28, 2022.
             Slain by a seven-headed hydra (15 damage)
             ... on level 1 of the Lair of Beasts.
             The game lasted 01:08:21 (13217 turns).

avis the Carver (Demigod Ice Elementalist)         Turns: 13217, Time: 01:08:22

Health: -1/81      AC:  7    Str:  9    XL:     10   Next: 72%
Magic:  26/26      EV: 16    Int: 17    God:
Gold:   504        SH:  0    Dex: 26    Spells: 8/15 levels left

rFire   . . .      SeeInvis .   a - +7 Singing Sword {vorpal, sonic wave}
rCold   . . .      Faith    .   (no shield)
rNeg    . . .      Spirit   .   G - +1 robe {Will+}
rPois   +          Reflect  .   j - +0 hat {Stlth+}
rElec   .          Harm     .   (no cloak)
rCorr   .          Rampage  .   N - +2 pair of gloves
Will    ++...                   p - +0 pair of boots
Stlth   ++++......              (no amulet)
HPRegen 0.23/turn               g - ring of magical power
MPRegen 0.20/turn               L - ring of poison resistance

@: no status effects
A: high MP 1, forlorn, divine attributes
a: no special abilities


You were on level 1 of the Lair of Beasts.
You visited 3 branches of the dungeon, and saw 11 of its levels.

You collected 684 gold pieces.
You spent 180 gold pieces at shops.

Inventory:

Hand Weapons
 a - the +7 Singing Sword (weapon) {vorpal, sonic wave}
   (You found it on level 4 of the Dungeon)

   It inflicts extra damage upon your enemies.
   It radiates damaging sonic waves as it strikes, especially in combat
   involving dangerous or numerous foes.
 b - a +1 shortbow of flaming
 e - the +7 flail of the Blowfly {vorpal, rC++}
   (You found it on level 8 of the Dungeon)

   It inflicts extra damage upon your enemies.
   rC:        It greatly protects you from cold.
 k - a +0 shortbow
 v - a +0 great sword
 y - a +0 shortbow
 I - a +0 sling
 K - a +0 shortbow
 U - a +3 long sword of freezing
 V - a +4 scimitar
Missiles
 s - 23 poisoned darts
 B - a throwing net
 E - 4 curare-tipped darts
Armour
 d - a +0 pair of gloves of infusion
 j - a +0 hat of stealth (worn)
 p - a +0 pair of boots (worn)
 x - a +0 hat
 G - a +1 robe of willpower (worn)
 N - a +2 pair of gloves (worn)
Jewellery
 g - a ring of magical power (left hand)
 h - a ring of fire
 L - a ring of poison resistance (right hand)
Wands
 H - a wand of charming (10)
 J - a wand of quicksilver (5)
Scrolls
 c - 3 scrolls of blinking {unknown}
 i - 2 scrolls of amnesia {unknown}
 m - 2 scrolls of enchant armour {unknown}
 q - 18 scrolls of identify {unknown}
 r - 2 scrolls of magic mapping {unknown}
 t - a scroll of brand weapon {unknown}
 u - 5 scrolls of teleportation {unknown}
 w - a scroll of enchant weapon {unknown}
 C - 4 scrolls of fear {unknown}
 O - 3 scrolls of immolation {unknown}
Potions
 f - 4 potions of curing {unknown}
 l - 5 potions of magic
 n - 2 potions of lignification {unknown}
 o - 2 potions of haste {unknown}
 z - 2 potions of brilliance {unknown}
 A - 2 potions of degeneration {unknown}
 D - 2 potions of might {unknown}
 F - 4 potions of mutation {unknown}
 M - 2 potions of attraction {unknown}
 S - a potion of cancellation {unknown}
 W - 2 potions of heal wounds {unknown}
 X - 2 potions of flight {unknown}


   Skills:
 - Level 5.0 Fighting
 * Level 12.3 Long Blades
 - Level 5.0 Dodging
 - Level 2.0 Stealth
 - Level 3.0 Spellcasting
 - Level 7.0 Ice Magic


You had 8 spell levels left.
You knew the following spells:

 Your Spells              Type           Power      Damage    Failure   Level
a - Freeze                Ice            100%       1d11      1%          1
o - Ozocubu's Armour      Ice            26%        N/A       3%          3
r - Frozen Ramparts       Ice            52%        1d7       3%          3

Your spell library contained the following spells:

 Spells                   Type           Power      Damage    Failure   Level
 Apportation              Tloc           4%         N/A       17%         1
 Necrotize                Necr           8%         1d4       17%         1
 Sting                    Tmut/Pois      8%         1d3       17%         1
 Poisonous Vapours        Pois/Air       4%         N/A       26%         2
 Hailstorm                Conj/Ice       14%        3d5       38%         4
 Ice Form                 Ice/Tmut       14%        N/A       38%         4
 Tukima's Dance           Hex            2%         N/A       45%         3
 Vampiric Draining        Necr           2%         2d6       45%         3
 Olgreb's Toxic Radiance  Pois           2%         N/A       86%         4
 Passage of Golubria      Tloc           2%         N/A       86%         4
 Agony                    Necr           2%         N/A       99%         5
 Alistair's Intoxication  Tmut/Pois      1%         N/A       99%         5
 Silence                  Hex/Air        1%         N/A       99%         5
 Yara's Violent Unravell  Hex/Tmut       1%         3d3       99%         5
 Simulacrum               Ice/Necr       7%         N/A       99%         6
 Lehudib's Crystal Spear  Conj/Erth      1%         10d2      100%        8


Dungeon Overview and Level Annotations

Branches:
Dungeon (9/15)             Temple (1/1) D:6            Lair (1/6) D:9
    Orc: D:9-12

Shops:
D:7 (   D:8 (=[

Annotations:
D:3 exclusion: downstairs
D:8 2 transporters, jlumianski's ghost, novice GrFi


Innate Abilities, Weirdness & Mutations

You have an increased reservoir of magic. (+10% MP)
You shall have no god before yourself.
Your divine heritage dramatically boosts your attributes as you level up.


Message History

[the floor.] Reduced exclusion size to a single square.
Removed exclusion.
Aiming: Quicksilver Bolt
Press: ? - help, Shift-Dir - straight line, f - five-headed hydra
Aim: a five-headed hydra (90% to hit)
The bolt of dispelling energy hits the five-headed hydra!
The five-headed hydra is lightly wounded.
Aiming: Quicksilver Bolt
Press: ? - help, Shift-Dir - straight line, f/p - five-headed hydra
Aim: a five-headed hydra (lightly wounded, 90% to hit)
The bolt of dispelling energy hits the five-headed hydra!
The five-headed hydra is heavily wounded.
You barely miss the five-headed hydra.
The five-headed hydra is moderately wounded.
The five-headed hydra bites you!
The five-headed hydra bites you but does no damage.
The five-headed hydra bites you! The five-headed hydra misses you.
The five-headed hydra bites you!
Unknown command.
You hack one of the five-headed hydra's heads off!
The four-headed hydra grows two more!
You slice the six-headed hydra!!
The six-headed hydra is heavily wounded.
The six-headed hydra barely misses you.
The six-headed hydra completely misses you.
The six-headed hydra misses you.
The six-headed hydra completely misses you.
The six-headed hydra bites you. The six-headed hydra bites you!
You hack one of the six-headed hydra's heads off!
The five-headed hydra grows two more!
You slash the seven-headed hydra!
The seven-headed hydra is heavily wounded.
The seven-headed hydra bites you. The seven-headed hydra bites you!
* * * LOW HITPOINT WARNING * * *
The seven-headed hydra bites you.
* * * LOW HITPOINT WARNING * * *
The seven-headed hydra closely misses you.
The seven-headed hydra bites you!
* * * LOW HITPOINT WARNING * * *
The seven-headed hydra misses you. The seven-headed hydra bites you!
You die...

..#.. .... ##... ....####
.......### #......###.#
#..........## .. ..
#...D@....... ..
...........#†#.###.## #D
........###†### .. #.####
#.# #. #...#### #.# #.##
#.⌠....###.# #.⌠.
...###.........#### .(.##
.....###.#.....##.####....
###.#.....##............#
###


You could see a seven-headed hydra.

Vanquished Creatures
  A two-headed ogre (D:8)
  A black mamba (Lair:1)
  2 komodo dragons
  A troll (D:8)
  Sigmund (D:4)
  A shadow (D:9)
  3 wyverns (D:9)
  A basilisk (Lair:1)
  8 yaks (Lair:1)
  2 steam dragons
  5 water moccasins
  An ice beast (D:6)
  A sky beast (D:6)
  A black bear (Lair:1)
  2 orc warriors
  An ogre (D:4)
  4 centaurs
  3 kobold brigands
  A gnoll sergeant (D:9)
  5 bullfrogs
  A necrophage (D:7)
  9 scorpions
  5 wights (D:7)
  A howler monkey (D:6)
  7 hounds
  3 jellies
  An orc priest (D:6)
  2 gnoll shamans
  Jessica (D:3)
  2 iguanas
  10 orc wizards
  16 gnolls
  11 adders
  A shadow imp (D:8)
  A white imp (D:6)
  5 worms
  2 dart slugs
  26 orcs
  5 endoplasms
  5 giant cockroaches
  7 goblins
  4 hobgoblins
  26 kobolds
  4 quokkas
  5 ball pythons
  14 bats
  5 frilled lizards
  6 rats
230 creatures vanquished.

Vanquished Creatures (others)
  5 fungi
  43 plants
48 creatures vanquished.

Grand Total: 278 creatures vanquished

Notes
Turn   | Place    | Note
-------+----------+-------------------------------------------
     0 | D:1      | avis the Demigod Ice Elementalist began the quest for the
                  | Orb.
     0 | D:1      | Reached XP level 1. HP: 14/14 MP: 5/5
   630 | D:1      | Reached XP level 2. HP: 22/22 MP: 7/7
   895 | D:2      | Reached skill level 1 in Fighting
   895 | D:2      | Reached XP level 3. HP: 29/29 MP: 8/8
   917 | D:2      | Learned a level 3 spell: Ozocubu's Armour
  1814 | D:3      | Reached XP level 4. HP: 37/37 MP: 9/9
  2231 | D:3      | Learned a level 3 spell: Frozen Ramparts
  2335 | D:3      | Reached XP level 5. HP: 19/45 MP: 10/10
  2594 | D:3      | Upgraded the game from 0.29-a0-721-g7f417c9bbb to
                  | 0.29-a0-723-gce39da1c22
  2798 | D:3      | Noticed Jessica
  2809 | D:3      | Killed Jessica
  2810 | D:3      | Reached skill level 5 in Ice Magic
  3182 | D:4      | Noticed Sigmund
  3297 | D:4      | Killed Sigmund
  3298 | D:4      | Reached XP level 6. HP: 40/51 MP: 10/12
  4083 | D:4      | Found the +7 Singing Sword {vorpal, sonic wave}
  4096 | D:4      | Reached XP level 7. HP: 54/57 MP: 14/14
  5011 | D:5      | Entered Level 5 of the Dungeon
  5267 | D:5      | Reached skill level 5 in Fighting
  5453 | D:5      | Reached skill level 1 in Long Blades
  5777 | D:5      | Reached skill level 2 in Long Blades
  6197 | D:6      | Reached skill level 3 in Long Blades
  6197 | D:6      | Reached XP level 8. HP: 68/68 MP: 15/15
  6252 | D:6      | Reached skill level 4 in Long Blades
  6624 | D:6      | Found a staircase to the Ecumenical Temple.
  6659 | D:6      | Reached skill level 5 in Long Blades
  7609 | D:7      | Reached skill level 6 in Long Blades
  7863 | D:7      | Reached skill level 7 in Long Blades
  8199 | D:7      | Reached XP level 9. HP: 69/74 MP: 16/16
  8292 | D:7      | Reached skill level 8 in Long Blades
  8455 | D:7      | Found Cadop's Weapon Shoppe.
  9055 | Temple   | Entered the Ecumenical Temple
  9157 | D:8      | Noticed jlumianski's ghost (novice GrFi)
  9157 | D:8      | Found a transporter.
  9158 | D:8      | Found a transporter.
  9158 | D:8      | Identified the +9 dire flail "Omelette" {distort, *Corrode
                  | Str+6}
  9158 | D:8      | Noticed a two-headed ogre
  9326 | D:8      | Found Unuommef's Antique Armour Boutique.
  9332 | D:8      | Bought a pair of glowing gloves for 180 gold pieces
  9468 | D:8      | Identified the +7 flail of the Blowfly {vorpal, rC++}
  9501 | D:8      | Found Odied's Antique Weapon Shop.
  9544 | D:8      | Reached skill level 9 in Long Blades
  9789 | D:8      | Found Romyfe's Jewellery Emporium.
  9954 | D:8      | Noticed a two-headed ogre
  9957 | D:8      | Killed a two-headed ogre
  9958 | D:8      | Reached skill level 10 in Long Blades
 11469 | D:9      | Found a staircase to the Lair.
 11531 | D:9      | Noticed a komodo dragon
 11539 | D:9      | Killed a komodo dragon
 11540 | D:9      | Reached XP level 10. HP: 13/81 MP: 17/17
 12266 | D:9      | Reached skill level 11 in Long Blades
 12495 | Lair:1   | Entered Level 1 of the Lair of Beasts
 12855 | Lair:1   | Noticed a black mamba
 12865 | Lair:1   | Killed a black mamba
 13033 | Lair:1   | Reached skill level 5 in Dodging
 13035 | Lair:1   | Reached skill level 12 in Long Blades
 13166 | Lair:1   | Noticed a five-headed hydra
 13217 | Lair:1   | Slain by a seven-headed hydra

Illustrated notes

Levels and vault maps discovered:
D:1:      minmay_arrival_four_houses, layout_basic, grunt_decor_one_mirror,
          supply_closet_lemuel
D:2:      minmay_spotlight, layout_loops_ring, serial_rivers,
          chequers_serial_rivers_micro_d, chequers_serial_rivers_small_a,
          chequers_serial_rivers_small_b, chequers_serial_rivers_micro_c,
          chequers_serial_rivers_micro_c
D:3:      minmay_chambers_of_threes, layout_basic,
          nicolae_qazlal_general_emergency, mainiacjoe_overflow_alcove_1,
          nicolae_concentric_dashed_squares_wild, hangedman_decor_growths,
          lexackson_kobold_supper, uniq_jessica
D:4:      old_forge, layout_loops_corners, kennysheep_little_box,
          jmf_multi_god_temple, cheibrodos_gnoll_hut, uniq_sigmund
D:5:      layout_cave_pods, vehumet_crystals, general_overflow_altar
D:6:      layout_loops_ring, nicolae_overflow_hidden_temple,
          minmay_temple_entry_from_below_a
D:7:      layout_basic, mainiacjoe_overflow_paths, serial_shops, shop_statue
D:8:      layout_loops_corners, gammafunk_ghost_smash, serial_shops,
          nicolae_inconvenience_store, shop, shop, kennysheep_minor_cross,
          hex_tiny, minivault_21
D:9:      layout_basic, david_lair_shrubbed
Temple:   nicolae_temple_no_exploring_needed
Lair:1:   layout_loops_ring, grunt_megastairs_4

Skill      XL: |  1  2  3  4  5  6  7  8  9 10 |
---------------+-------------------------------+-----
Ice Magic      | 4 6 7 |  7.0
Fighting       | 2 3 5 |  5.0
Spellcasting   | 2 3 |  3.0
Dodging        | 2 3 5 |  5.0
Stealth        | 2 |  2.0
Long Blades    | 3 7 10 12 | 12.3

Action                   |  1- 3 |  4- 6 |  7- 9 | 10-12 || total
-------------------------+-------+-------+-------+-------++-------
Melee: Whip              |     5 |    23 |       |       ||    28
       Dagger            |     5 |       |       |       ||     5
       Double sword      |       |       |   171 |    64 ||   235
       Punch             |       |       |     1 |       ||     1
 Fire: Sling             |    65 |    25 |     9 |       ||    99
       Shortbow          |       |       |     6 |     2 ||     8
 Cast: Freeze            |    26 |    93 |    18 |       ||   137
       Ozocubu's Armour  |       |    11 |     2 |       ||    13
Evoke: Wand              |       |       |       |     2 ||     2
 Stab: Sleeping          |     2 |       |     9 |     5 ||    16
       Distracted        |       |       |     3 |     1 ||     4
Armor: Robe              |     7 |    32 |    36 |    10 ||    85
Dodge: Dodged            |    27 |    48 |   116 |    45 ||   236

Table legend: (Time is in decaauts)
 A = Elapsed time spent in this place.
 B = Non-inter-level travel time spent in this place.
 C = Inter-level travel time spent in this place.
 D = Time resting spent in this place.
 E = Time spent auto-exploring this place.
 F = Levels seen in this place.
 G = Mean time per level.
                   A        B        C        D        E       F      G
               +--------+--------+--------+--------+--------+-----+--------+
         Total |  13293 |  12026 |   1267 |   3911 |   5649 |  11 | 1208.5 |
       Dungeon |  12541 |  11274 |   1267 |   3604 |   5398 |   9 | 1393.4 |
        Temple |     34 |     34 |      0 |      0 |      0 |   1 |   34.0 |
          Lair |    717 |    717 |      0 |    307 |    251 |   1 |  717.0 |
               +--------+--------+--------+--------+--------+-----+--------+

Top non-repeatable levels by time:
     D:4: 1899 daAuts
     D:9: 1838 daAuts
     D:6: 1504 daAuts
     D:3: 1501 daAuts
     D:8: 1383 daAuts
     D:7: 1355 daAuts
     D:5: 1320 daAuts
     D:1: 874 daAuts
     D:2: 864 daAuts
  Lair:1: 717 daAuts
  Temple: 34 daAuts
